 Dungeon Crawl Stone Soup version 0.30-a0-691-g754fce4c43 (webtiles) character file.

Game seed: 6359051747346742872

4621 bmack86 the Cleaver (level 10, -2/63 HPs)
             Began as a Minotaur Fighter on Jan 20, 2023.
             Slain by a troll zombie (6 damage)
             ... on level 9 of the Dungeon.
             The game lasted 00:17:10 (6591 turns).

bmack86 the Cleaver (Minotaur Fighter)              Turns: 6591, Time: 00:17:11

Health: -2/63      AC: 12    Str: 24 (25) XL:     10   Next: 19%
Magic:  6/6        EV:  7    Int:  1      God:
Gold:   302        SH:  6    Dex: 10      Spells: 9/9 levels left

rFire   . . .      SeeInvis .    y - +0 war axe (elec)
rCold   . . .      Faith    .    c - +0 buckler
rNeg    . . .      Spirit   .    n - +0 plate armour
rPois   .          Reflect  .    (helmet restricted)
rElec   .          Harm     .    (no cloak)
rCorr   .          Rampage  .    v - +0 pair of gloves
Will    .....      Rage     9%   i - +1 pair of boots Stlth
                                 w - amulet of regeneration
HPRegen 1.10/turn                (no ring)
MPRegen 0.10/turn                (no ring)

@: on berserk cooldown, slowed, studying Shields, unable to read, very slow
A: horns 2, retaliatory headbutt, [berserk 2], [deformed body], [dopey 2],
[frail 3], [low MP 3], [inability to read after injury 2]
a: no special abilities


You were on level 9 of the Dungeon.
You visited 2 branches of the dungeon, and saw 10 of its levels.
You visited the Abyss 1 time.
You also visited: Sewer.

You collected 302 gold pieces.

Inventory:

Hand Weapons
 a - a +0 war axe of venom
 y - a +0 war axe of electrocution (weapon)
Missiles
 h - 4 boomerangs (quivered)
 C - 2 curare-tipped darts
Armour
 c - a +0 buckler (worn)
 i - a +1 pair of boots (worn)
 n - a +0 plate armour (worn)
 v - a +0 pair of gloves (worn)
Jewellery
 b - a ring of ice
 k - an amulet of reflection
 l - a ring of wizardry
 m - a ring of fire
 t - a ring of fire
 w - an amulet of regeneration (around neck)
Wands
 g - a wand of digging (3)
 u - a wand of mindburst (15)
Scrolls
 q - 2 scrolls of teleportation
 r - a scroll of fear
 B - 5 scrolls of fog
 E - a scroll of amnesia
 F - a scroll of silence {unknown}
Potions
 d - 3 potions of might
 e - a potion of resistance
 f - a potion of berserk rage
 j - 3 potions of flight
 o - 2 potions of lignification
 p - 6 potions of curing
 s - a potion of heal wounds {unknown}
 x - 2 potions of cancellation
 z - 2 potions of mutation
 A - 2 potions of haste
 D - a potion of invisibility


   Skills:
 + Level 8.6 Fighting
 * Level 11.2 Axes
 + Level 3.6 Throwing
 + Level 8.6 Armour
 + Level 11.0 Shields


You had 9 spell levels left.
You didn't know any spells.
Your spell library contained the following spells:

 Spells                   Type           Power      Damage    Failure   Level
 Apportation              Tloc           0%         N/A       100%        1
 Necrotise                Necr           0%         1d4       100%        1
 Call Canine Familiar     Summ           0%         N/A       100%        3
 Kindle Blastsparks       Fire/Tloc/Air  0%         2d10      100%        3
 Portal Projectile        Hex/Tloc       0%         N/A       100%        3
 Fulminant Prism          Conj/Hex       0%         3d5       100%        4
 Iskenderun's Mystic Bla  Conj/Tloc      0%         2d3       100%        4
 Leda's Liquefaction      Hex/Erth       0%         N/A       100%        4
 Alistair's Intoxication  Tmut/Pois      0%         N/A       100%        5
 Lee's Rapid Deconstruct  Erth           0%         3d4*      100%        5


Dungeon Overview and Level Annotations

Branches:
Dungeon (9/15)             Temple (1/1) D:4           Sewer (visited)
   Lair: D:8-11         Orc: D:9-12

Altars:
Ashenzari
Cheibriados
Elyvilon
Fedhas
Gozag
Hepliaklqana
Kikubaaqudgha
Makhleb
Nemelex Xobeh
Ru
Trog
Uskayaw
Wu Jian
Xom
Yredelemnul
Zin

Shops:
D:4 =

Annotations:
D:9 Amaemon, Psyche


Innate Abilities, Weirdness & Mutations

You have a pair of horns on your head.
You reflexively headbutt those who attack you in melee.
[You have an uncontrollable temper.]
[Armour fits poorly on your strangely shaped body.]
[You are very dopey. (Int -4)]
[You are extremely frail. (-30% HP)]
[Your magical capacity is extremely low. (-30% MP)]
[You sometimes lose the ability to read scrolls when taking damage.]


Message History

You feel yourself slow down.
The shadow slips into darkness.
The shadow flickers and vanishes!
Deactivating autopickup; reactivate with Ctrl-A.
Psyche barely misses you.
A hobgoblin zombie comes into view.
You completely miss the starcursed mass.
You headbutt the starcursed mass.
You destroy the starcursed mass!
You slash the orc zombie!
Lightning courses through the orc zombie!
You destroy the orc zombie!
You hit the starcursed mass but do no damage.
You hit Psyche. Psyche hits you but does no damage.
You blink.
Found 20 gold pieces.
An orc zombie comes into view.
Psyche looks encouraged for a moment.
The starcursed mass shrieks in your mind.
You feel threatened and lose the ability to read scrolls!
The orc zombie hits you but does no damage.
The shadow strikes at you from the darkness!
* * * LOW HITPOINT WARNING * * *
Reactivating autopickup.
The troll zombie barely misses you.
The troll zombie claws you but does no damage.
The troll zombie completely misses you.
Your Shields skill increases to level 11!
You slash the shadow!
The shadow is moderately damaged.
You slash Amaemon! You slash the orc zombie!
Lightning courses through the orc zombie!
You destroy the orc zombie!
You slash the hobgoblin zombie! You slash the ogre zombie!
You slash the troll zombie!
Lightning courses through the troll zombie!
The shadow completely misses you. You furiously retaliate!
You headbutt the shadow. The ogre zombie hits you.
* * * LOW HITPOINT WARNING * * *
You block the troll zombie's attack. The troll zombie claws you.
You die...

.............
......Z....#
#.........# .........#
........##..# ..8....
#..# ...####ZZ.## #..#
......6@WZ.# #..#
......ZZZZ.# #..#
.......ZZZ.# #..#
..$......X.# #..#
...........####<.#
.........=@......#
.......................
#######################


You could see a starcursed mass, Amaemon, Psyche, a shadow, a goblin zombie, 2
hobgoblin zombies, 4 orc zombies, 3 ogre zombies and a troll zombie.

Vanquished Creatures
  A thrashing horror (Abyss:1)
  2 starcursed masses
  Maggie (D:8)
  Grinder (Temple)
  Sigmund (D:4)
  A large abomination (Abyss:1)
  2 steam dragons
  An ice beast (D:6)
  A sky beast (D:6)
  Pargi (D:3)
  2 black bears
  An ogre (D:5)
  4 kobold brigands
  2 phantoms
  4 scorpions
  5 wights
  5 killer bees
  2 electric eels (D:7)
  2 howler monkeys (D:6)
  3 hounds (D:4)
  5 jellies
  3 orc priests
  An iguana (D:5)
  4 orc wizards
  4 gnolls (D:2)
  10 adders
  2 river rats (Sewer)
  A white imp (D:5)
  An ufetubus (D:6)
  2 worms
  A dart slug (D:5)
  18 orcs
  4 endoplasms
  4 giant cockroaches
  5 goblins
  4 hobgoblins
  9 jackals
  6 quokkas
  10 ball pythons
  7 bats
  4 frilled lizards
  A hobgoblin skeleton (D:9)
  13 kobolds
  An orc skeleton (D:9)
  2 orc zombies (D:9)
  5 rats
169 creatures vanquished.

Vanquished Creatures (others)
  A fungus (D:2)
  15 plants (Sewer)
16 creatures vanquished.

Grand Total: 185 creatures vanquished

Notes
Turn   | Place    | Note
-------+----------+-------------------------------------------
     0 | D:1      | bmack86 the Minotaur Fighter began the quest for the Orb.
     0 | D:1      | Reached XP level 1. HP: 19/19 MP: 0/0
     3 | D:1      | Noticed an electric eel
     4 | D:1      | Noticed an electric eel
   975 | D:2      | Reached XP level 2. HP: 27/27 MP: 1/1
  1025 | D:2      | Found a faded altar of an unknown god.
  1051 | D:2      | Got Plato's Compendium of Abominable Secrets
  1073 | D:2      | Reached XP level 3. HP: 33/33 MP: 2/2
  1332 | D:2      | Reached XP level 4. HP: 31/40 MP: 3/3
  1654 | D:3      | Noticed Pargi
  1669 | D:3      | Killed Pargi
  1670 | D:3      | Reached XP level 5. HP: 30/47 MP: 4/4
  2381 | D:4      | Identified a scroll of acquirement
  2381 | D:4      | Acquired a manual of Shields
  2413 | D:4      | Reached skill level 5 in Axes
  2566 | D:4      | Noticed Sigmund
  2603 | D:4      | Killed Sigmund
  2604 | D:4      | Reached skill level 5 in Fighting
  2604 | D:4      | Reached skill level 5 in Armour
  2604 | D:4      | Reached skill level 5 in Shields
  2604 | D:4      | Reached XP level 6. HP: 43/56 MP: 5/5
  2709 | D:4      | Found Wibu's Jewellery Shoppe.
  2711 | D:4      | Noticed Grinder
  2727 | D:4      | Found a staircase to the Ecumenical Temple.
  2730 | D:4      | Reached XP level 7. HP: 54/61 MP: 6/6
  2738 | Temple   | Entered the Ecumenical Temple
  2744 | Temple   | Paralysed by Grinder for 5 turns
  2750 | Temple   | Killed Grinder
  3384 | D:5      | Entered Level 5 of the Dungeon
  3443 | D:5      | Noticed a steam dragon
  3457 | D:5      | Reached XP level 8. HP: 67/70 MP: 7/7
  4490 | D:6      | Found a glowing drain.
  4499 | Sewer    | Entered a sewer
  4704 | Sewer    | Reached XP level 9. HP: 67/79 MP: 8/8
  5243 | D:6      | Reached skill level 1 in Throwing
  5627 | D:7      | HP: 3/79 [wight/+2 spear (6)]
  5628 | D:7      | HP: 1/78 [wight/+2 spear (2)]
  5821 | D:8      | Reached skill level 10 in Axes
  5893 | D:8      | Reached skill level 10 in Shields
  6243 | D:8      | Noticed Maggie
  6256 | D:8      | Killed Maggie
  6381 | D:9      | Noticed Psyche
  6385 | D:9      | Noticed Amaemon
  6385 | D:9      | Noticed an orange demon
  6393 | Abyss:1  | Found a corrupted altar of Lugonu.
  6393 | Abyss:1  | Cast into level 1 of the Abyss (Psyche)
  6432 | Abyss:1  | Noticed a thrashing horror
  6452 | Abyss:1  | Killed a thrashing horror
  6453 | Abyss:1  | Reached XP level 10. HP: 28/90 MP: 9/9
  6492 | Abyss:1  | Noticed a wretched star
  6570 | Abyss:1  | Noticed a starcursed mass
  6586 | Abyss:1  | Killed a starcursed mass
  6586 | Abyss:1  | Noticed a wretched star
  6589 | D:9      | Escaped the Abyss
  6590 | D:9      | Killed a starcursed mass
  6591 | D:9      | Slain by a troll zombie

Illustrated notes

Levels and vault maps discovered:
D:1:      arrival_aquarium_b, layout_basic, serial_park_tiny_2
D:2:      layout_basic, shapermc_ecumenical_altar_rom_forum, serial_glass,
          glass_columns_b, glass_columns_b, glass_columns_b, glass_columns_b
D:3:      layout_loops_ring, uniq_pargi
D:4:      layout_loops_cross, minmay_temple_entry_mist, serial_shops,
          nicolae_take_the_stairs, uniq_sigmund, uniq_grinder
D:5:      layout_loops_ring, kennysheep_minor_cross, minmay_door_square
D:6:      layout_gridville, portal_sewer_entry_d
D:7:      layout_loops_corners, kennysheep_generic_room_2
D:8:      layout_basic, uniq_maggie
D:9:      layout_long_grid, minitemple, grunt_temple_overflow_open,
          kennysheep_orc_sif_temple, zombieorc2_lemuel, uniq_amaemon, uniq_grum,
          uniq_psyche
Temple:   minmay_temple_bridge_d

Skill      XL: |  1  2  3  4  5  6  7  8  9 10 |
---------------+-------------------------------+-----
Axes           | 3 4 5 6 7 9 10 11 | 11.2
Fighting       | 4 5 6 7 8 |  8.6
Armour         | 4 5 6 7 8 |  8.6
Shields        | 4 5 7 9 10 11 | 11.0
Throwing       | 3 |  3.6

Action                   |  1- 3 |  4- 6 |  7- 9 | 10-12 || total
-------------------------+-------+-------+-------+-------++-------
Melee: War axe           |    52 |   114 |   282 |    14 ||   462
       Headbutt          |     6 |    15 |    57 |     5 ||    83
Throw: Boomerang         |       |     3 |    28 |       ||    31
  Use: Scroll            |       |    12 |     9 |     1 ||    22
       Potion            |       |       |     2 |       ||     2
Armor: Scale mail        |    16 |       |       |       ||    16
       Plate armour      |    20 |    89 |   203 |     4 ||   316
Dodge: Dodged            |    29 |    25 |    84 |     5 ||   143
Block: Buckler           |    42 |    37 |    78 |     1 ||   158
       Reflection        |       |     1 |       |       ||     1

Table legend: (Time is in decaauts)
 A = Elapsed time spent in this place.
 B = Non-inter-level travel time spent in this place.
 C = Inter-level travel time spent in this place.
 D = Time resting spent in this place.
 E = Time spent auto-exploring this place.
 F = Levels seen in this place.
 G = Mean time per level.
                   A        B        C        D        E       F      G
               +--------+--------+--------+--------+--------+-----+--------+
         Total |   6844 |   6600 |    244 |    224 |   4127 |  12 |  570.3 |
       Dungeon |   5581 |   5337 |    244 |    224 |   3373 |   9 |  620.1 |
        Temple |    243 |    243 |      0 |      0 |    208 |   1 |  243.0 |
         Abyss |    205 |    205 |      0 |      0 |      0 |   1 |  205.0 |
         Sewer |    814 |    814 |      0 |      0 |    545 |   1 |  814.0 |
               +--------+--------+--------+--------+--------+-----+--------+

Top non-repeatable levels by time:
     D:1: 929 daAuts
     D:4: 835 daAuts
   Sewer: 814 daAuts
     D:5: 773 daAuts
     D:6: 769 daAuts
     D:3: 728 daAuts
     D:2: 709 daAuts
     D:8: 618 daAuts
  Temple: 243 daAuts
 Abyss:1: 205 daAuts
     D:7: 200 daAuts
     D:9: 17 daAuts
